 Dungeon Sprint DCSS version 0.30.1-9-gdf580d7c3d (webtiles) character file.

Game seed: 1921309488263801182

114 Heoruswealwe the Spear-Bearer (level 4, -10/45 HPs)
             Began as a Minotaur Fighter on Oct 14, 2023.
             Was an Initiate of Gozag.
             Mangled by a troll (11 damage)
             ... in the Dungeon (Sprint IX: "|||||||||||||||||||||||||||||").
             The game lasted 00:00:54 (92 turns).

Heoruswealwe the Spear-Bearer (Minotaur Fighter)      Turns: 92, Time: 00:00:56

Health: -10/45     AC:  7    Str: 23    XL:     4   Next: 66%
Magic:  3/3        EV:  9    Int:  5    God:    Gozag
Gold:   0          SH:  4    Dex:  9    Spells: 3/3 levels left

rFire   . . .        a - +0 trident
rCold   . . .        d - +0 buckler
rNeg    . . .        c - +0 scale mail
rPois   .            (helmet restricted)
rElec   .            (no cloak)
rCorr   .            (no gloves)
SInv    .            (no boots)
Will    .....        (no amulet) Stlth
                     (no ring)
HPRegen 0.27/turn    (no ring)
MPRegen 0.08/turn

%: no teleportation
@: gold aura
A: horns 2, retaliatory headbutt
a: Renounce Religion, Potion Petition, Call Merchant, Bribe Branch


You were in the Dungeon.
You worshipped Gozag.
Gozag was noncommittal.
You visited 1 branch

Inventory:

Hand Weapons
 a - a +0 trident (weapon)
Armour
 c - a +0 scale mail (worn)
 d - a +0 buckler (worn)
Jewellery
 m - a +2 ring of evasion
 n - a +2 ring of protection
Wands
 l - a wand of iceblast (10)
Scrolls
 j - 2 scrolls of blinking
 k - 2 scrolls of amnesia
Potions
 b - a potion of might
 e - 5 potions of curing
 f - 3 potions of heal wounds
 g - a potion of haste
 h - a potion of invisibility
 i - a potion of berserk rage


   Skills:
 + Level 6.6 Fighting
 * Level 8.2 Polearms
 + Level 6.6 Armour
 - Level 3.6 Shields


You had 3 spell levels left.
You didn't know any spells.
Your spell library was empty.

Dungeon Overview and Level Annotations

Branches:
Dungeon (1/1)

Altars:
Cheibriados
Dithmenos
Elyvilon
Fedhas
Gozag
Hepliaklqana
Kikubaaqudgha
Makhleb
Nemelex Xobeh
Okawaru
Qazlal
Ru
Sif Muna
Trog
Uskayaw
Vehumet
Wu Jian
Xom
Yredelemnul
Zin
The Shining One
Jiyva
Lugonu


Innate Abilities, Weirdness & Mutations

You have a pair of horns on your head.
You reflexively headbutt those who attack you in melee.


Message History

You see here a +0 cloak.
You see here a +2 ring mail.
m - a +2 ring of evasion
n - a +2 ring of protection You open the door.
A killer bee, a kobold brigand, a centaur, a yak, a troll and a wight come into view.
The kobold brigand is wielding a +0 dagger and quivering poisoned darts.
The killer bee buzzes angrily.
The kobold brigand shouts!
The centaur shouts!
The yak bellows!
The troll shouts!
You barely miss the wight. The wight hits you with a +2 flail.
You feel drained.
You closely miss the wight. The wight hits you with a +2 flail!
You feel drained.
You hit the wight.
The wight is lightly damaged.
The wight barely misses you. You furiously retaliate!
You headbutt the wight! You hit the wight. You headbutt the wight.
You destroy the wight!
Your life force feels restored.
Your Fighting skill increases to level 6!
Your Polearms skill gained 2 levels and is now at level 8!
Your Armour skill increases to level 6!
You have reached level 4!
You feel stronger.
You barely miss the troll. You headbutt the troll!
The troll is moderately wounded.
You block the troll's attack. The troll claws you but does no damage.
The troll claws you!
* * * LOW HITPOINT WARNING * * *
You barely miss the troll. You headbutt the troll.
The troll is moderately wounded.
The troll bites you but does no damage. The troll closely misses you.
The troll claws you but does no damage.
You puncture the troll! Your headbutt misses the troll.
The troll is heavily wounded.
The troll bites you but does no damage. The troll claws you!
* * * LOW HITPOINT WARNING * * *
The troll claws you!
You die...
Your body crumbles into a pile of gold.

▓.▓
$
▓.▓
$
▓y▓
$ $
▓K▓
$
▓c▓
$
▓Y▓
▓T▓
$
▓@▓
$
▓.▓
$
▓[▓
▓[▓
$
▓[▓
▓.▓
$
▓)▓
$
▓.▓
$
▓!▓
$


You could see a yak, a troll, a kobold brigand, a centaur and a killer bee.

Vanquished Creatures
  A wight (D)
  A jelly (D)
  An adder (D)
  A white imp (D)
  An ufetubus (D)
  An orc (D)
  2 bats (D)
  3 hobgoblins (D)
11 creatures vanquished.

Notes
Turn   | Place    | Note
-------+----------+-------------------------------------------
     0 | D        | Heoruswealwe the Minotaur Fighter began the quest for the
                  | Orb.
     0 | D        | Reached XP level 1. HP: 19/19 MP: 0/0
     7 | D        | Reached skill level 3 in Polearms
    16 | D        | Reached skill level 4 in Polearms
    23 | D        | Noticed a jelly
    27 | D        | Reached XP level 2. HP: 26/28 MP: 1/1
    28 | D        | Reached skill level 5 in Polearms
    31 | D        | Reached skill level 5 in Fighting
    31 | D        | Reached skill level 6 in Polearms
    31 | D        | Reached skill level 5 in Armour
    31 | D        | Reached XP level 3. HP: 24/36 MP: 2/2
    42 | D        | Found a snail-covered altar of Cheibriados.
    42 | D        | Found a shadowy altar of Dithmenos.
    42 | D        | Found a white marble altar of Elyvilon.
    42 | D        | Found a blossoming altar of Fedhas.
    42 | D        | Found an opulent altar of Gozag.
    43 | D        | Found a hazy altar of Hepliaklqana.
    44 | D        | Found a viscous altar of Jiyva.
    45 | D        | Found an ancient bone altar of Kikubaaqudgha.
    46 | D        | Found a corrupted altar of Lugonu.
    47 | D        | Found a burning altar of Makhleb.
    48 | D        | Found a sparkling altar of Nemelex Xobeh.
    49 | D        | Found an iron altar of Okawaru.
    50 | D        | Became a worshipper of Gozag Ym Sagoz the Greedy
    51 | D        | Found a stormy altar of Qazlal.
    52 | D        | Found a sacrificial altar of Ru.
    53 | D        | Found a shimmering blue altar of Sif Muna.
    54 | D        | Found a bloodstained altar of Trog.
    55 | D        | Found a hide-covered altar of Uskayaw.
    56 | D        | Found a radiant altar of Vehumet.
    57 | D        | Found an ornate altar of the Wu Jian Council.
    58 | D        | Found a shimmering altar of Xom.
    59 | D        | Found a basalt altar of Yredelemnul.
    60 | D        | Found a glowing silver altar of Zin.
    61 | D        | Found a glowing golden altar of the Shining One.
    85 | D        | Noticed a killer bee
    85 | D        | Noticed a kobold brigand
    85 | D        | Noticed a centaur
    85 | D        | Noticed a yak
    85 | D        | Noticed a troll
    85 | D        | Noticed a wight
    89 | D        | Killed a wight
    90 | D        | Reached skill level 8 in Polearms
    90 | D        | Reached XP level 4. HP: 21/45 MP: 3/3
    92 | D        | HP: 1/45 [troll (11)]
    92 | D        | Mangled by a troll

Illustrated notes

Levels and vault maps discovered:
D:        linesprint [early_d, line_temple, items_1, d_10, items_2, lair_1,
          lair_end, items_3, orc_1, orc_end, items_4, d_15, swamp_1, shoals_1,
          snake_1, spider_1, d_20, vaults_1, items_5, swamp_end, shoals_end,
          snake_end, spider_end, vaults_end, d_27, items_6, zot_1, zot_end,
          crypt_end, forest_end, elf_end, slime_end, tomb_end, abyss_end,
          pan_hell_end]

Skill      XL: |  1  2  3 |
---------------+----------+-----
Polearms       | 4 6 8 |  8.2
Fighting       | 4 5 6 |  6.6
Armour         | 4 5 6 |  6.6
Shields        | |  3.6

Action                     |  1- 3 |  4- 6 || total
---------------------------+-------+-------++-------
  Melee: Trident           |    26 |     3 ||    29
         Headbutt          |     4 |     2 ||     6
 Armour: Scale mail        |     8 |     4 ||    12
  Dodge: Dodged            |     9 |     1 ||    10
  Block: Buckler           |     4 |     1 ||     5
